Map: Lost and Found LE

Players

Snute

  • Race: Zerg Zerg
  • Spawn Location: 1:00

Reynor - Winner!

  • Race: Zerg Zerg
  • Spawn Location: 7:00

Event: WCS Montreal 2018

VOD

Have the link to the VOD?

Description

Time

  • Played on: Sept. 7, 2018, 4:35 p.m.
  • Length: 9:47

All games in this series

Show
View Real Time Build Order
Export as new Build Order

Snute Zerg 

Build Orders: Hatch First 

Get SALT Encoding   

  12  0:00  Drone  
  13  0:12  Overlord  
  13  0:16  Drone  
  14  0:30  Drone x2  
  14  0:34  Drone  
  17  0:51  Hatchery  
  17  0:53  Drone  
  17  0:57  Drone  
  18  1:00  Extractor  
  17  1:12  Spawning Pool  
  17  1:15  Drone  
  17  1:18  Drone  
  18  1:27  Drone  
  19  1:38  Overlord  
  19  1:49  Drone  
  20  1:58  Queen  
  20  2:00  Drone, Metabolic Boost  
  23  2:02  Queen  
  23  2:05  Drone  
  26  2:11  Drone  
  26  2:13  Drone  
  28  2:21  Drone  
  29  2:24  Zergling x2  
  30  2:32  Zergling x2  
  30  2:36  Hatchery, Zergling x2  
  31  2:42  Overlord  
  31  2:49  Zergling x2  
  32  2:53  Drone, Baneling Nest  
  32  3:02  Zergling x2  
  32  3:04  Zergling x2  
  34  3:06  Zergling x2  
  34  3:07  Zergling x4  
  34  3:08  Zergling x2  
  34  3:11  Zergling x6  
  41  3:17  Overlord  
  41  3:23  Overlord  
  41  3:28  Drone  
  41  3:34  Drone  
  41  3:40  Baneling x2  
  43  3:41  Zergling x2  
  43  3:48  Drone x4  
  42  3:50  Drone x2  
  42  3:51  Drone  
  47  3:56  Drone, Queen  
  47  4:00  Drone  
  47  4:01  Drone  
  48  4:03  Drone  
  48  4:08  Zergling x2  
  48  4:10  Zergling x2  
  48  4:12  Baneling  
  48  4:14  Zergling x2  
  48  4:16  Queen x2  
  47  4:22  Extractor  
  47  4:23  Baneling  
  50  4:24  Zergling x4  
  50  4:25  Zergling x2  
  50  4:29  Zergling x6  
  50  4:30  Zergling x2  
  57  4:35  Zergling x2  
  57  4:37  Zergling x2  
  55  4:38  Zergling x4  
  55  4:39  Zergling x2  
  55  4:42  Zergling x4  
  56  4:47  Baneling x2  
  56  4:48  Zergling x2  
  56  4:52  Zergling x4  
  56  4:57  Drone  
  56  4:58  Drone x2  
  53  5:01  Drone  
  53  5:02  Drone  
  53  5:03  Drone  
  54  5:08  Drone x2  
  54  5:10  Drone  
  54  5:11  Drone  
  54  5:13  Drone  
  59  5:18  Drone  
  59  5:20  Drone  
  61  5:24  Overlord  
  61  5:26  Drone  
  61  5:27  Drone x2  
  64  5:32  Drone x2  
  64  5:34  Zergling x6  
  65  5:38  Zergling x4  
  65  5:39  Zergling x2  
  64  5:44  Zergling x2  
  64  5:45  Zergling x2, Evolution Chamber  
  64  5:48  Zergling x4  
  67  5:52  Baneling x4  
  67  5:55  Zergling x4  
  66  5:57  Drone  
  66  6:03  Baneling x2  
  66  6:04  Baneling  
  63  6:05  Baneling x2  
  63  6:10  Zergling x6  
  60  6:18  Roach Warren  
  59  6:24  Drone x9  
  66  6:25  Drone  
  66  6:31  Baneling  
  68  6:32  Drone  
  68  6:36  Drone x2  
  69  6:43  Zergling x6  
  69  6:46  Extractor, Queen  
  73  6:50  Zergling x2  
  73  6:52  Zergling x2  
  73  6:53  Zergling x2  
  69  6:56  Zergling x2  
  69  6:58  Zergling x4  
  64  7:04  Zerg Missile Weapons Level 1  
  64  7:05  Baneling x2  
  57  7:11  Roach x5  
  56  7:26  Overlord  
  56  7:29  Drone x2  
  58  7:30  Drone x2  
  58  7:31  Drone x3  
  58  7:32  Drone  
  63  7:40  Drone x2  
  63  7:41  Drone x2  
  63  7:44  Drone  
  68  7:47  Drone  
  69  7:55  Roach x2  
  69  7:56  Drone x3  
  78  8:00  Overlord  
  78  8:02  Roach  
  80  8:07  Overlord  
  80  8:09  Roach  
  80  8:10  Roach  
  80  8:16  Roach  
  80  8:18  Overlord, Roach  
  80  8:19  Roach  
  83  8:23  Roach  
  83  8:26  Roach  
  87  8:28  Roach  
  89  8:35  Roach  
  89  8:36  Roach x2  
  89  8:37  Drone x2  
  89  8:40  Drone  
  98  8:44  Drone x3  
  98  8:47  Extractor x2, Overlord  
  99  8:51  Drone  
  99  8:52  Drone  
  100  8:57  Roach x3  
  100  9:01  Roach  
  105  9:04  Overlord x2  
  105  9:10  Drone x4  
  105  9:15  Roach x2  
  113  9:17  Overlord  
  113  9:19  Overlord  
  113  9:21  Overlord  
  113  9:25  Roach x2  
  113  9:30  Ravager x2  
Show
View Real Time Build Order
Export as new Build Order

Reynor Zerg - Winner!

Build Orders: Hatch First 

Get SALT Encoding   

  12  0:00  Drone  
  13  0:12  Overlord  
  13  0:16  Drone  
  14  0:30  Drone x2  
  16  0:36  Drone  
  17  0:51  Hatchery  
  17  0:55  Drone  
  17  0:58  Drone  
  18  1:09  Extractor  
  17  1:12  Spawning Pool  
  17  1:16  Drone  
  17  1:19  Drone  
  18  1:27  Drone  
  19  1:38  Overlord  
  19  1:50  Drone  
  20  2:00  Queen  
  20  2:01  Zergling x2  
  23  2:03  Zergling x2, Queen  
  26  2:08  Metabolic Boost  
  26  2:11  Drone  
  26  2:15  Drone  
  28  2:22  Drone  
  29  2:25  Drone  
  30  2:36  Hatchery  
  29  2:38  Drone  
  29  2:41  Drone  
  29  2:42  Drone  
  32  2:47  Overlord  
  32  2:57  Baneling Nest  
  31  3:01  Queen  
  31  3:02  Zergling x2  
  31  3:04  Zergling x2  
  35  3:06  Drone  
  35  3:09  Drone  
  37  3:13  Drone  
  37  3:14  Drone  
  37  3:16  Zergling x2  
  37  3:19  Drone  
  41  3:20  Drone  
  41  3:28  Zergling x2  
  41  3:30  Overlord  
  42  3:43  Zergling x2  
  42  3:48  Zergling x4  
  42  3:49  Zergling x10  
  42  3:50  Baneling x2  
  42  3:52  Zergling x4  
  44  4:02  Zergling x2  
  44  4:03  Zergling x2  
  44  4:08  Drone x2  
  43  4:10  Drone  
  43  4:12  Zergling x4  
  43  4:13  Zergling x2  
  43  4:15  Drone  
  48  4:20  Drone  
  48  4:23  Drone x2  
  51  4:32  Drone, Overlord  
  51  4:34  Baneling x4  
  51  4:35  Drone  
  49  4:42  Zergling x6  
  49  4:43  Zergling x2  
  52  4:47  Drone x2  
  52  4:51  Drone x2  
  55  4:55  Overlord  
  54  5:02  Drone x3  
  56  5:07  Extractor  
  56  5:08  Drone x3, Evolution Chamber  
  59  5:14  Baneling x3  
  59  5:19  Zergling x6  
  60  5:21  Zergling x2  
  60  5:24  Baneling x3  
  60  5:25  Zergling x2  
  61  5:29  Zergling x4  
  61  5:35  Zergling x4  
  62  5:36  Overlord  
  62  5:37  Zerg Missile Weapons Level 1  
  61  5:43  Overlord  
  61  5:49  Hatchery  
  60  5:51  Overlord  
  60  5:55  Zergling x4  
  60  5:56  Zergling x4  
  64  6:00  Drone  
  64  6:01  Baneling  
  64  6:02  Baneling  
  64  6:04  Zergling x2  
  62  6:06  Drone  
  62  6:10  Drone x2  
  63  6:12  Drone  
  63  6:16  Roach Warren  
  63  6:17  Lair  
  63  6:20  Zergling x2  
  63  6:24  Drone  
  61  6:27  Zergling x2  
  61  6:30  Extractor  
  61  6:32  Drone  
  62  6:39  Overlord  
  61  6:42  Zergling x6  
  61  6:44  Drone  
  61  6:45  Drone x2  
  61  6:46  Overlord  
  67  6:51  Zergling x2  
  65  6:55  Baneling x3  
  65  6:57  Roach  
  65  6:58  Roach  
  69  7:04  Roach  
  69  7:05  Queen  
  69  7:06  Roach  
  74  7:09  Roach  
  74  7:12  Roach  
  74  7:15  Roach x3  
  79  7:19  Drone  
  79  7:21  Glial Reconstitution  
  78  7:23  Drone x2  
  78  7:27  Roach  
  79  7:30  Roach x3  
  79  7:32  Roach  
  79  7:35  Drone  
  88  7:38  Extractor  
  88  7:43  Overlord  
  86  7:45  Baneling x2, Roach  
  86  7:46  Roach  
  86  7:51  Roach x3  
  96  7:52  Overlord  
  96  7:54  Drone  
  96  7:57  Drone  
  98  8:01  Drone  
  98  8:02  Drone  
  98  8:03  Overlord  
  98  8:05  Drone x3  
  102  8:06  Drone x2  
  102  8:12  Roach  
  105  8:15  Roach  
  105  8:18  Roach x2  
  111  8:22  Roach x2  
  111  8:25  Roach  
  117  8:28  Roach  
  117  8:30  Roach  
  117  8:31  Overlord  
  120  8:35  Roach x2  
  120  8:39  Roach  
  120  8:40  Roach  
  128  8:41  Overlord  
  128  8:43  Roach  
  128  8:46  Overlord  
  130  8:49  Extractor  
  130  8:52  Roach x3  
  130  8:54  Roach  
  137  8:57  Overlord  
  137  9:03  Roach x4  
  137  9:08  Drone x5  
  152  9:10  Roach x2  
  152  9:15  Overlord  
  154  9:23  Ravager x3  
  157  9:25  Roach  
  157  9:29  Overlord  
  157  9:31  Ravager  
  160  9:33  Hatchery  
Tags
 
Add a new tag
Caveats
  • Supply blocks, unpowered buildings, or Contaminate may cause inaccurate times.
  • Supply counts are checked every 10 seconds.